 Dungeon Crawl Stone Soup version 0.32-a0-613-g40f424ee2b (webtiles) character file.

Game seed: 9874954801563543719

1476749 EnegeticOcto the Merry Goblin (level 27, 238/238 HPs)
             Began as a Coglin Hunter on Mar 5, 2024.
             Was a High Priest of Fedhas.
             Escaped with the Orb
             ... and 3 runes!
             The game lasted 01:56:12 (92826 turns).

EnegeticOcto the Merry Goblin (Coglin Hunter)      Turns: 92826, Time: 01:56:13

Health: 238/238    AC: 17    Str: 11    XL:     27
Magic:  33/33      EV: 40    Int: 14    God:    Fedhas [*****.]
Gold:   5870       SH:  0    Dex: 33    Spells: 23/26 levels left

rFire   + . .        g - +2 hand cannon (drain) {Anneliese}
rCold   . . .        L - +8 hand cannon (drain) {Qiang}
rNeg    + + .        y - +3 leather armour {rPois}
rPois   +            W - +2 hat of Eluleunk {rN+ Dex+4}
rElec   +            D - +1 cloak of Egetruag {Fly rF+ rN+ Int+2}
rCorr   .            G - +2 pair of gloves
SInv    .            Q - +2 pair of boots
Will    +++..        (amulet unavailable)
Stlth   +            (ring unavailable)
HPRegen 0.59/turn    (ring unavailable)
MPRegen 0.23/turn    n - reticulated ramjet {Gadgeteer, rElec Will+}

%: no passive effects
@: flying
A: off-hand wielding, slow wielding, warmup strikes, no jewellery, antennae 1,
evolution 1
0: Orb of Zot
}: 3/15 runes: serpentine, barnacled, silver
a: Renounce Religion, Wall of Briars, Grow Ballistomycete, Overgrow, Grow Oklob


You escaped.
You worshipped Fedhas.
Fedhas was extremely pleased with you.
You visited 11 branches of the dungeon, and saw 51 of its levels.
You visited the Abyss 1 time.
You also visited: Volcano.

You collected 8392 gold pieces.
You spent 2522 gold pieces at shops.

Inventory:

Hand Weapons
 g - a +2 hand cannon of draining (weapon) {Anneliese}
   (You bought it in a shop on level 3 of the Vaults)
 L - a +8 hand cannon of draining (offhand) {Qiang}
   (You found it in a volcano)
Missiles
 m - 82 poisoned darts
 A - 9 throwing nets {!f}
 J - 13 curare-tipped darts
Armour
 y - a +3 leather armour of poison resistance (worn)
   (You found it on level 5 of the Vaults)
 D - the +1 cloak of Egetruag (worn) {Fly rF+ rN+ Int+2}
   (You found it on level 5 of the Vaults)

   Int+2:     It affects your intelligence (+2).
   rF+:       It protects you from fire.
   rN+:       It protects you from negative energy.
   Fly:       It grants you flight.
 G - a +2 pair of gloves (worn)
   (You found it on level 7 of the Dungeon)
 M - a +3 leather armour of fire resistance
   (You found it in a volcano)
 Q - a +2 pair of boots (worn)
   (You found it on level 3 of the Shoals)
 W - the +2 hat of Eluleunk (worn) {rN+ Dex+4}
   (You found it on level 2 of the Elven Halls)

   Dex+4:     It affects your dexterity (+4).
   rN+:       It protects you from negative energy.
Gizmo
 n - a reticulated ramjet (installed) {Gadgeteer, rElec Will+}
   (You invented it yourself on level 5 of the Lair of Beasts)

   [reticulated ramjet]

   Gadgeteer: Your evocable items recharge 30% faster and wands have a 30%
   chance to not spend a charge.
   rElec:     It insulates you from electricity.
   Will+:     It increases your willpower.
Wands
 a - a wand of digging (20) {@v3}
   (You found it on level 4 of the Vaults)
 E - a wand of flame (159) {@v4}
   (You found it on level 7 of the Dungeon)
 I - a wand of polymorph (27)
   (You found it on level 11 of the Dungeon)
 P - a wand of paralysis (28)
   (You found it on level 12 of the Dungeon)
 T - a wand of mindburst (44)
   (You found it on level 3 of the Shoals)
 X - a wand of iceblast (16) {@v2}
   (You found it on level 4 of the Depths)
 Y - a wand of quicksilver (9) {@v1}
   (You found it on level 5 of the Vaults)
Scrolls
 b - a scroll of butterflies {!r}
 d - a scroll of brand weapon
 e - 7 scrolls of fear {!r}
 f - a scroll of torment
 k - 9 scrolls of blinking {@r4}
 l - 11 scrolls of immolation
 o - 8 scrolls of vulnerability
 p - 10 scrolls of poison {!r}
 q - 3 scrolls of revelation {@r5 !r}
 s - 18 scrolls of teleportation {@r3 !r}
 x - 5 scrolls of summoning {!r}
 K - 2 scrolls of enchant armour
 O - 6 scrolls of fog {!r}
 V - 2 scrolls of silence {!r}
Potions
 c - 3 potions of invisibility
 h - 9 potions of attraction
 i - 23 potions of curing {@q1 !q}
 j - 10 potions of enlightenment
 r - 8 potions of resistance
 t - 8 potions of might {@q3 !q}
 v - 3 potions of cancellation
 w - 6 potions of magic
 z - 8 potions of haste {@q4 !q}
 B - 2 potions of ambrosia
 C - 4 potions of lignification {@q6}
 F - 6 potions of berserk rage
 H - 10 potions of heal wounds {@q2 !q}
 R - 5 potions of mutation
Miscellaneous
 u - a box of beasts
   (You found it on level 5 of the Vaults)
 N - a condenser vane
   (You found it on level 2 of the Shoals)
 S - a phantom mirror
   (You found it on level 3 of the Shoals)
 U - a lightning rod (4/4)
   (You found it on level 4 of the Shoals)
 Z - a phial of floods
   (You found it on level 5 of the Vaults)


   Skills:
 + Level 24.0 Fighting
 O Level 27 Ranged Weapons
 - Level 6.0 Armour
 + Level 23.4 Dodging
 - Level 3.0 Stealth
 - Level 8.0 Translocations
 - Level 14.0 Invocations
 - Level 15.0 Evocations


You had 23 spell levels left.
You knew the following spells:

 Your Spells              Type           Power      Damage    Failure   Level
a - Apportation           Tloc           44%        N/A       1%          1
Y - Blink                 Tloc           44%        N/A       1%          2

Your spell library contained the following spells:

 Spells                   Type           Power      Damage    Failure   Level
 Lesser Beckoning         Tloc           44%        N/A       1%          2
 Gell's Gravitas          Tloc           22%        N/A       4%          3
 Teleport Other           Tloc           22%        N/A       4%          3
 Momentum Strike          Conj/Tloc      22%        3d8       11%         2
 Passage of Golubria      Tloc           22%        N/A       14%         4
 Volatile Blastmotes      Fire/Tloc      22%        2d11      22%         3
 Foxfire                  Conj/Fire      0%         2x1d4     36%         1
 Kiss of Death            Conj/Necr      0%         2d5       36%         1
 Magic Dart               Conj           0%         1d3       36%         1
 Necrotise                Necr           0%         1d4       36%         1
 Sandblast                Erth           0%         2d4       36%         1
 Shock                    Conj/Air       0%         1d3       36%         1
 Slow                     Hex            0%         N/A       36%         1
 Sting                    Conj/Alch      0%         1d3       36%         1
 Summon Small Mammal      Summ           0%         N/A       36%         1
 Cigotuvi's Dreadful Rot  Necr/Alch/Air  0%         N/A       50%         2
 Ensorcelled Hibernation  Hex/Ice        0%         N/A       50%         2
 Mercury Vapours          Alch/Air       0%         N/A       50%         2
 Searing Ray              Conj           0%         2d4       50%         2
 Static Discharge         Conj/Air       0%         3-3/arc   50%         2
 Sublimation of Blood     Necr           0%         N/A       50%         2
 Dimensional Bullseye     Hex/Tloc       5%         N/A       56%         4
 Vhi's Electric Charge    Tloc/Air       22%        N/A       56%         4
 Call Canine Familiar     Summ           0%         N/A       73%         3
 Confusing Touch          Hex            0%         N/A       73%         3
 Dazzling Flash           Conj/Hex       0%         N/A       73%         3
 Frozen Ramparts          Ice            0%         1d1       73%         3
 Fugue of the Fallen      Necr           0%         N/A       73%         3
 Hailstorm                Conj/Ice       0%         3d5       73%         3
 Inner Flame              Hex/Fire       0%         N/A       73%         3
 Mephitic Cloud           Conj/Alch/Air  0%         N/A       73%         3
 Ozocubu's Armour         Ice            0%         N/A       73%         3
 Passwall                 Erth           0%         N/A       73%         3
 Sigil of Binding         Hex            0%         N/A       73%         3
 Stone Arrow              Conj/Erth      0%         3d7       73%         3
 Summon Ice Beast         Ice/Summ       0%         N/A       73%         3
 Swiftness                Air            0%         N/A       73%         3
 Tukima's Dance           Hex            0%         N/A       73%         3
 Vampiric Draining        Necr           0%         2d6       73%         3
 Summon Forest            Summ/Tloc      5%         N/A       89%         5
 Airstrike                Air            0%         2d(0-16)  98%         4
 Anguish                  Hex/Necr       0%         N/A       98%         4
 Animate Armour           Summ/Erth      0%         N/A       98%         4
 Brom's Barrelling Bould  Conj/Erth      0%         2d3       98%         4
 Cause Fear               Hex            0%         N/A       98%         4
 Dispel Undead            Necr           0%         3d6       98%         4
 Ignite Poison            Fire/Alch      0%         N/A       98%         4
 Leda's Liquefaction      Alch/Erth      0%         N/A       98%         4
 Martyr's Knell           Necr/Summ      0%         N/A       98%         4
 Olgreb's Toxic Radiance  Alch           0%         N/A       98%         4
 Petrify                  Alch/Erth      0%         N/A       98%         4
 Summon Lightning Spire   Summ/Air       0%         N/A       98%         4
 Arcjolt                  Conj/Air       0%         1d10      100%        5
 Freezing Cloud           Conj/Ice/Air   0%         6-21      100%        5
 Irradiate                Conj/Alch      0%         3d11      100%        5
 Lee's Rapid Deconstruct  Erth           0%         3d4*      100%        5
 Metabolic Englaciation   Hex/Ice        0%         N/A       100%        5
 Silence                  Hex/Air        0%         N/A       100%        5
 Summon Mana Viper        Hex/Summ       0%         N/A       100%        5
 Bombard                  Conj/Erth      0%         9d1       100%        6
 Death Channel            Necr           0%         N/A       100%        6
 Plasma Beam              Fire/Air       0%         2x1d10    100%        6
 Sculpt Simulacrum        Ice/Alch       0%         N/A       100%        6
 Starburst                Conj/Fire      0%         6d3       100%        6
 Summon Cactus Giant      Summ           0%         N/A       100%        6
 Enfeeble                 Hex            0%         N/A       100%        7
 Malign Gateway           Summ/Tloc      5%         N/A       100%        7
 Ignition                 Fire           0%         3d3       100%        8
 Infestation              Necr           0%         N/A       100%        8
 Lehudib's Crystal Spear  Conj/Erth      0%         10d2      100%        8
 Maxwell's Capacitive Co  Air            0%         ∞         100%        8
 Chain Lightning          Conj/Air       0%         N/A       100%        9
 Death's Door             Necr           0%         N/A       100%        9
 Fire Storm               Conj/Fire      0%         5d1       100%        9
 Shatter                  Erth           0%         3d5*      100%        9


Dungeon Overview and Level Annotations

Branches:
Dungeon (15/15)            Temple (0/1) D:7            Lair (5/5) D:11
 Shoals (4/4) Lair:2        Snake (4/4) Lair:2        Slime (1/5) Lair:4
    Orc (2/2) D:11            Elf (3/3) Orc:2        Vaults (5/5) D:14
  Crypt (3/3) Vaults:2       Tomb (0/3) Crypt:3      Depths (4/4) D:15
    Zot (5/5) Depths:4    Volcano (visited)

Altars:
Ashenzari
Cheibriados
Dithmenos
Elyvilon
Fedhas
Gozag
Kikubaaqudgha
Makhleb
Nemelex Xobeh
Okawaru
Qazlal
Ru
Sif Muna
Uskayaw
Vehumet
Wu Jian
Xom
Yredelemnul
Zin
Beogh
Jiyva

Shops:
D:5 *   Orc:1 **   Orc:2 ::(?   Elf:1 !   Snake:1 =   Vaults:2 !(   Vaults:3 !(
Vaults:5 [   Depths:3 =

Portals:
Hell: Depths:1 Depths:2 Depths:3 Depths:4
Abyss: Depths:1 Depths:3
Pandemonium: Depths:1 Depths:2
Ziggurat: Depths:4

Annotations:
Zot:3 1 transporter


Innate Abilities, Weirdness & Mutations

You can wield a second weapon in your off-hand.
It takes a long time for you to wield or remove held weapons.
Your first few attacks do less damage.
You cannot equip rings or amulets.
You have a pair of small antennae on your head.
You have hidden genetic potential.


Message History

a +0 demon whip of freezing; a +0 robe; a +2 whip of freezing
There is a stone staircase leading up here.
You fly upwards.
There is a stone staircase leading down here.
There is an open door here.
There is a stone staircase leading up here.
You fly upwards.
There is a stone staircase leading down here.
A sixfirhy comes into view.
There is a stone staircase leading up here.
Unknown command.
Unknown command.
You shoot a bolt. The bolt hits the sixfirhy!
The sixfirhy is moderately wounded.
You shoot a bolt.
The bolt hits the sixfirhy but does no damage.
The sixfirhy is moderately wounded.
You hear a hideous shriek!
You shoot a bolt. The bolt hits the sixfirhy.
The sixfirhy is heavily wounded.
You shoot a bolt. The bolt barely misses the sixfirhy.
You shoot a bolt. The bolt hits the sixfirhy!!!
You kill the sixfirhy!
Fedhas accepts your kill.
You shoot a bolt.
No target in view!
(D) Dungeon (T) Temple (L) Lair (A) Shoals (P) Snake Pit (M) Slime Pits (O) Orcish Mines (E) Elven Halls (V) Vaults (C) Crypt (W) Tomb (U) Depths (H) Hell (Z) Zot
Where to? (Tab/Enter - D:1 @ (x,y), ? - help)
You fly upwards.
There is a stone staircase leading down here.
HP restored.
A tormentor comes into view.
Unknown command.
Unknown command.
You shoot a bolt.
The bolt hits the tormentor but does no damage.
You shoot a bolt. The bolt hits the tormentor!!
The tormentor is severely wounded.
You shoot a bolt. The bolt hits the tormentor!!
You kill the tormentor!
Fedhas accepts your kill.
You shoot a bolt.
No target in view!
(D) Dungeon (T) Temple (L) Lair (A) Shoals (P) Snake Pit (M) Slime Pits (O) Orcish Mines (E) Elven Halls (V) Vaults (C) Crypt (W) Tomb (U) Depths (H) Hell (Z) Zot
Where to? (Tab/Enter - D:1 @ (x,y), ? - help)
A reaper comes into view. It is wielding a +2 scythe of freezing.
Unknown command.
Unknown command.
You shoot a bolt. The bolt hits the reaper!
The reaper is moderately wounded.
You shoot a bolt. The bolt hits the reaper!!
The reaper is severely wounded.
You shoot a bolt.
The bolt hits the reaper but does no damage.
The reaper is severely wounded.
You shoot a bolt. The bolt completely misses the reaper.
The reaper hits you from afar with a +2 scythe of freezing!!
The reaper drags you backwards! The reaper freezes you!
You shoot a bolt. The bolt hits the reaper.
The reaper is severely wounded.
You shoot a bolt. The bolt hits the reaper.
The reaper is severely wounded.
The reaper completely misses you.
You shoot a bolt. The bolt hits the reaper!!!
You kill the reaper!
Fedhas accepts your kill.
You shoot a bolt.
No target in view!
(D) Dungeon (T) Temple (L) Lair (A) Shoals (P) Snake Pit (M) Slime Pits (O) Orcish Mines (E) Elven Halls (V) Vaults (C) Crypt (W) Tomb (U) Depths (H) Hell (Z) Zot
Where to? (Tab/Enter - D:1 @ (x,y), ? - help)
You see here a +2 scythe of freezing.
There is an open door here.
There is a stone staircase leading up here.
You fly upwards.
There is a stone staircase leading down here.
There is a stone staircase leading up here.
You fly upwards.
There is a stone staircase leading down here.
HP restored.
There is a stone staircase leading up here.
You fly upwards.
There is a stone staircase leading down here.
There is an open door here.
There is an open door here.
There is an open door here.
There is a dry fountain here.
There is an open door here.
There is a staircase leading out of the dungeon here.
Unknown command.
Unknown command.
You have escaped!

#######...'.⌠.'...'.⌠.#......###.
# #.."#...#...#...#..#...# #. #
##'###'#######'##......###. #
#...#...#...#...######....# #
#...#...+...#...######.#### #
#...#...#...#...#......####
##+#######'###'#######.....
#...#...#...#...#...##.##.#
#...'.⌠.'.@.#...'.#......##
#...#...#...#...###.#####.#
##'###########'## #.# ##.
###...#...#...#...# #.# ##
#####.'...#.⌠.'...'.⌠.# #.# #
......#...#...#...#...###.## #
####################'###...## #
#............##......#..# #
#.##########.#######...)#####


There were no monsters in sight!

Vanquished Creatures
  4 ancient liches
  5 dread liches
  Mara (Vaults:3)
  2 orbs of fire
  Boris (Vaults:5)
  4 Killer Klowns
  Vv (Depths:2)
  Sojobo (Vaults:3)
  Saint Roka (Elf:3)
  Margery (Vaults:5)
  2 curse toes
  A caustic shrike (Depths:2)
  6 golden dragons
  Norris (Vaults:1)
  The ghost of Fysokimp the Warrior, an adept DgNe (Crypt:1)
  A bone dragon (Depths:2)
  A Tzitzimitl (D:13)
  2 electric golems (Zot:5)
  2 shard shrike zombies
  2 doom hounds (Depths:2)
  Jorgrun (Snake:3)
  13 tentacled monstrosities
  A hellephant (Vaults:5)
  A walking crystal tome (Depths:2)
  Grunn (Depths:2)
  A walking divine tome (Depths:2)
  17 Orb Guardians (Zot:5)
  Asterion (Depths:2)
  8 sphinxes
  4 quicksilver dragons
  8 titans
  3 deep elf blademasters (Elf:3)
  2 liches
  An acid blob (Slime:1)
  3 deep elf master archers (Elf:3)
  13 death cobs
  3 ancient champions
  3 shadow dragons
  6 tengu reavers
  Donald (Elf:1)
  14 storm dragons
  The ghost of Vas Wept the Destroyer, a journeyman OnCj of Sif Muna (Orc:1)
  3 revenants
  11 draconian monks
  4 nagarajas (Snake:4)
  6 fire giants
  6 draconian knights
  2 protean progenitors (Zot:3)
  2 demonspawn warmongers
  8 frost giants
  5 iron dragons
  Ilsuiw (Shoals:3)
  The ghost of Deamich the Covert, a journeyman DsBr of Cheibriados (Elf:2)
  6 deep elf sorcerers
  6 deep elf elementalists (Elf:3)
  12 vault wardens
  3 draconian scorchers
  4 draconian shifters (Zot:2)
  4 curse skulls
  3 balrugs
  19 ironbound preservers
  5 draconian annihilators
  3 formless jellyfish
  2 reapers
  7 spriggan defenders (Depths:3)
  27 very ugly things
  5 orc warlords
  A draconian stormcaller (Zot:3)
  25 vampire knights
  7 stone giants
  6 deep elf death magi
  8 ironbound thunderhulks
  10 deep elf annihilators
  14 yellow draconians
  11 green draconians
  3 deep elf demonologists (Elf:3)
  5 white draconians
  Azrael (D:12)
  9 red draconians
  7 black draconians
  3 purple draconians
  18 dire elephants
  5 war gargoyles
  2 minotaurs (Shoals:4)
  10 spark wasps
  An acid blob zombie (Crypt:2)
  4 eidola
  3 merfolk javelineers
  9 yaktaur captains
  7 deep elf high priests
  5 merfolk impalers
  A blizzard demon (Depths:1)
  6 jiangshi
  9 ettins
  2 green deaths
  2 crystal guardians
  9 fire dragons
  6 spriggan zombies
  3 quicksilver dragon skeletons
  A hell beast (Depths:2)
  3 ice dragons
  2 peacekeepers
  12 hydras
  Erolcha (D:13)
  3 great orbs of eyes
  7 rakshasas
  4 salamander tyrants
  2 spriggan air magi
  29 vault guards
  3 ogre magi
  A catoblepas (Lair:3)
  14 centaur warriors
  3 ghost crabs (Crypt:1)
  7 boulder beetles
  A two-headed ogre (shapeshifter) (Vaults:5)
  7 ironbound frosthearts
  5 two-headed ogres (Vaults:4)
  30 dancing weapons
  17 satyrs
  A spriggan skeleton (Crypt:2)
  The ghost of Fildev the Thaumaturge, a journeyman DEFE of Gozag (D:11)
  10 merfolk avatars
  8 anacondas
  3 alligator snapping turtles
  6 tengu warriors
  A hell hog (Depths:2)
  13 vampire magi
  11 naga sharpshooters
  7 deep troll earth magi
  3 occultists
  4 titan zombies
  2 orc high priests (Orc:2)
  4 deep troll shamans
  A soul eater (D:7)
  13 naga warriors
  A titan skeleton (Crypt:2)
  11 spriggan berserkers
  9 shock serpents
  A spriggan (Depths:2)
  Nergalle (Lair:1)
  22 deep elf knights
  3 hell knights (Vaults:5)
  A sixfirhy (D:5)
  10 sun demons
  2 iron trolls
  4 salamander mystics (Snake:4)
  36 skeletal warriors
  7 skysharks
  A ghost moth zombie (Crypt:1)
  A shadow wraith (Vaults:5)
  A bunyip zombie (Crypt:3)
  Lodul (D:12)
  13 sea snakes
  61 deep trolls
  5 spark wasp zombies (Depths:3)
  9 flayed ghosts
  A shadow dragon zombie (Crypt:1)
  8 mana vipers
  A swamp dragon (shapeshifter) (Vaults:5)
  9 naga ritualists
  Pikel (D:7)
  20 ironbound convokers
  A lindwurm (shapeshifter) (Vaults:4)
  6 arcanists
  20 deep elf archers
  5 lindwurms
  An anaconda skeleton (Crypt:3)
  3 bog bodies (Shoals:3)
  A shadow demon (Depths:2)
  An orb spider (shapeshifter) (Vaults:5)
  35 deep elf pyromancers
  19 orc knights
  47 harpies
  31 phantasmal warriors
  6 thermic dynamos
  6 necromancers
  A death drake (shapeshifter) (Vaults:5)
  A stone giant zombie (Crypt:3)
  11 orc sorcerers
  38 ugly things
  22 manticores
  A faun (shapeshifter) (Vaults:5)
  35 fauns
  A shining eye (shapeshifter) (Depths:4)
  28 deep elf zephyrmancers
  19 moths of wrath
  3 salamanders (shapeshifter)
  8 salamanders
  9 cyclopes
  10 vault sentinels
  11 merfolk sirens
  3 centaur zombies
  20 elephants
  An eleionoma skeleton (Crypt:2)
  A smoke demon (Depths:1)
  42 black mambas
  A black mamba (shapeshifter) (D:15)
  An elephant (shapeshifter) (Depths:1)
  21 naga magi
  4 rust devils (Depths:1)
  2 kobold blastminers
  8 water nymphs
  3 guardian serpents
  An alligator snapping turtle zombie (Crypt:3)
  4 centaur skeletons
  An unseen horror (shapeshifter) (D:13)
  A torpor snail (shapeshifter) (Vaults:5)
  A torpor snail (D:11)
  An orange demon (D:11)
  12 cane toads
  4 gargoyles
  An unseen horror (D:12)
  4 rime drakes
  4 efreet
  2 dire elephant skeletons (Crypt:2)
  8 komodo dragons
  3 hellions
  31 yaktaurs
  2 kobold demonologists
  2 tengu conjurers
  An iron troll zombie (Crypt:2)
  A tormentor (D:4)
  A freezing wraith (Crypt:1)
  A grey draconian skeleton (Crypt:3)
  3 red devils (Orc:1)
  A yaktaur skeleton (Vaults:1)
  A troll (shapeshifter) (Vaults:5)
  A wind drake (Shoals:1)
  A hydra zombie (Crypt:2)
  5 hornets
  30 merfolk
  4 trolls
  5 polar bears
  6 dream sheep
  14 snapping turtles
  A harpy skeleton (Crypt:1)
  A satyr zombie (Crypt:1)
  2 ettin zombies
  A stone giant simulacrum (Crypt:2)
  4 blink frogs (Lair:5)
  27 slime creatures
  A satyr skeleton (Crypt:1)
  3 air elementals
  11 wraiths
  A shadow (D:12)
  A centaur simulacrum (D:15)
  13 water elementals
  5 wyverns
  32 yaks
  2 ynoxinuls
  An elf zombie (Vaults:1)
  7 basilisks
  2 fire elementals
  7 fire bats (Volcano)
  A yak (shapeshifter) (D:15)
  A tyrant leech zombie (Crypt:1)
  2 wargs
  A chaos spawn (Depths:3)
  A jumping spider (shapeshifter) (Depths:2)
  5 steam dragons
  7 vampire mosquitoes
  2 swamp worms (Zot:3)
  A deep troll zombie (Crypt:1)
  28 nagas
  16 water moccasins
  4 hell hounds (D:12)
  A black bear (shapeshifter) (D:13)
  25 orc warriors
  2 sky beasts (D:8)
  32 laughing skulls
  An ettin simulacrum (Crypt:3)
  A hornet zombie (D:15)
  9 centaurs
  20 ogres
  13 wolves
  4 boggarts (Vaults:2)
  11 kobold brigands
  A brain worm (Abyss:3)
  2 gnoll sergeants
  6 scorpions
  11 bullfrogs
  2 earth elementals (Elf:1)
  A komodo dragon skeleton (Crypt:3)
  A naga simulacrum (Crypt:1)
  8 wights
  2 killer bees (D:9)
  A yak skeleton (Crypt:2)
  2 howler monkeys
  A wolf zombie (Crypt:1)
  An electric eel (Elf:1)
  A bombardier beetle (D:3)
  7 lava snakes (Volcano)
  28 orc priests
  15 jellies
  4 hounds
  2 iguanas
  41 orc wizards
  A tengu zombie (Crypt:1)
  A naga skeleton (Crypt:2)
  7 adders
  8 gnolls
  A shadow imp (D:5)
  2 ribbon worms
  3 dart slugs
  77 orcs
  4 ball pythons
  8 bats
  12 endoplasms
  A giant cockroach (D:2)
  7 goblins
  4 hobgoblins
  4 kobolds
  A quokka (D:2)
  2 frilled lizards
  2 frilled lizard skeletons
  A hobgoblin skeleton (Crypt:3)
  A jackal skeleton (Crypt:1)
  A kobold zombie (Crypt:2)
  A quokka zombie (Crypt:3)
  9 rats
  An aspiring flesh (Zot:3)
2243 creatures vanquished.

Vanquished Creatures (collateral kills)
  An ancient lich (Zot:5)
  A sphinx (Depths:3)
  A lindwurm (Vaults:1)
  A faun (Shoals:4)
  4 kobold brigands (D:10)
  A kobold (D:10)
  14 ballistomycete spores
23 creatures vanquished.

Vanquished Creatures (others)
  A draconian monk (Zot:5)
  A dancing weapon (Elf:3)
  A deep elf knight (Elf:3)
  A deep elf zephyrmancer (Elf:1)
  4 ballistomycete spores (Zot:5)
8 creatures vanquished.

Grand Total: 2274 creatures vanquished

Notes
Turn   | Place    | Note
-------+----------+-------------------------------------------
     0 | D:1      | EnegeticOcto the Coglin Hunter began the quest for the Orb.
     0 | D:1      | Reached XP level 1. HP: 16/16 MP: 1/1
    42 | D:1      | Reached skill level 1 in Stealth
   123 | D:1      | Reached XP level 2. HP: 22/22 MP: 2/2
   146 | D:1      | Reached skill level 2 in Stealth
   217 | D:1      | Found a faded altar of an unknown god.
   362 | D:1      | Prayed at the altar of an unknown god.
   362 | D:1      | Became a worshipper of Elyvilon the Healer
   362 | D:1      | Reached * piety under Elyvilon
   730 | D:2      | Reached XP level 3. HP: 27/27 MP: 3/3
   887 | D:2      | Reached skill level 3 in Stealth
   933 | D:2      | You fall into a shaft and drop 1 floor!
  1029 | D:3      | Reached XP level 4. HP: 33/33 MP: 4/4
  1074 | D:3      | Reached ** piety under Elyvilon
  1125 | D:3      | Found an ancient bone altar of Kikubaaqudgha.
  1220 | D:2      | Found a blossoming altar of Fedhas.
  1249 | D:2      | Fell from the grace of Elyvilon
  1249 | D:2      | Became a worshipper of Fedhas Madash
  1528 | D:3      | Reached skill level 4 in Ranged Weapons
  1703 | D:4      | Reached skill level 3 in Fighting
  1703 | D:4      | Reached XP level 5. HP: 32/41 MP: 5/5
  1995 | D:4      | Reached XP level 6. HP: 48/48 MP: 6/6
  2025 | D:4      | Found an ornate altar of the Wu Jian Council.
  2079 | D:4      | Found a blossoming altar of Fedhas.
  2094 | D:4      | Reached skill level 4 in Fighting
  2238 | D:4      | Reached skill level 5 in Ranged Weapons
  2286 | D:4      | Identified the +2 robe of Otiar {rCorr Slay+2}
  2561 | D:5      | Entered Level 5 of the Dungeon
  2639 | D:5      | Found a sacrificial altar of Ru.
  2658 | D:5      | Reached * piety under Fedhas
  2702 | D:5      | Reached XP level 7. HP: 55/55 MP: 7/7
  2727 | D:5      | Reached skill level 5 in Fighting
  2776 | D:5      | Found Qaageid's Assorted Antiques.
  2789 | D:5      | Bought a murky ruby potion for 20 gold pieces
  2789 | D:5      | Bought a white potion for 20 gold pieces
  2789 | D:5      | Bought a scroll labelled KODIXE BUMY for 23 gold pieces
  2791 | D:5      | Got Vynevel's Directory of Enthralled Topomancy
  3206 | D:6      | Identified the +5 falchion of the Grinning Gods {freeze,
                  | rPois Int+6 Dex-3 Stlth+}
  3221 | D:6      | Reached skill level 6 in Ranged Weapons
  3237 | D:6      | Found a broken altar of Ashenzari.
  3391 | D:6      | Reached skill level 1 in Evocations
  3439 | D:6      | Noticed a wyvern
  3498 | D:6      | Reached skill level 2 in Evocations
  3498 | D:6      | Reached XP level 8. HP: 64/64 MP: 8/8
  3504 | D:6      | Killed a wyvern
  3586 | D:6      | Reached skill level 6 in Fighting
  3586 | D:6      | Reached skill level 3 in Evocations
  3617 | D:6      | Reached skill level 7 in Ranged Weapons
  3992 | D:6      | Reached ** piety under Fedhas
  4300 | D:7      | Reached skill level 4 in Evocations
  4327 | D:7      | Found a staircase to the Ecumenical Temple.
  4431 | D:7      | Found a burning altar of Makhleb.
  4478 | D:7      | Found a sparkling altar of Nemelex Xobeh.
  4503 | D:7      | Found a stormy altar of Qazlal.
  4528 | D:7      | Found a basalt altar of Yredelemnul.
  4602 | D:7      | Reached skill level 8 in Ranged Weapons
  4602 | D:7      | Reached XP level 9. HP: 44/71 MP: 9/9
  4833 | D:7      | Noticed Pikel
  4846 | D:7      | Killed Pikel
  4847 | D:7      | Reached skill level 7 in Fighting
  4847 | D:7      | Reached skill level 1 in Invocations
  5185 | D:7      | Reached skill level 2 in Invocations
  5242 | D:7      | Found a hide-covered altar of Uskayaw.
  5469 | D:8      | Found a shadowy altar of Dithmenos.
  5528 | D:8      | Reached skill level 9 in Ranged Weapons
  5555 | D:8      | Found a snail-covered altar of Cheibriados.
  6416 | D:8      | Reached skill level 3 in Invocations
  6727 | D:9      | Reached XP level 10. HP: 74/80 MP: 12/12
  6767 | D:9      | Paralysed by a hornet for 1 turns
  6769 | D:9      | Reached skill level 8 in Fighting
  6847 | D:9      | Found a shimmering blue altar of Sif Muna.
  6872 | D:9      | Reached *** piety under Fedhas
  7080 | D:9      | Reached skill level 10 in Ranged Weapons
  7277 | D:9      | Reached skill level 4 in Invocations
  7379 | D:9      | Noticed a kobold demonologist
  7386 | D:9      | Killed a kobold demonologist
  8229 | D:10     | Entered Level 10 of the Dungeon
  8446 | D:10     | Found an iron altar of Okawaru.
  8657 | D:10     | Reached skill level 11 in Ranged Weapons
  8676 | D:10     | Reached skill level 9 in Fighting
  8797 | D:10     | Noticed a kobold demonologist
  8806 | D:10     | Killed a kobold demonologist
  8807 | D:10     | Reached skill level 5 in Invocations
  8807 | D:10     | Reached XP level 11. HP: 79/89 MP: 14/14
  8828 | D:10     | Reached **** piety under Fedhas
  9516 | D:11     | Noticed a cyclops
  9517 | D:11     | Noticed a centaur warrior
  9522 | D:11     | Killed a centaur warrior
  9522 | D:11     | Killed a cyclops
  9708 | D:11     | Noticed a boulder beetle
  9825 | D:11     | Killed a boulder beetle
 10206 | D:11     | Reached skill level 12 in Ranged Weapons
 10464 | D:11     | Reached skill level 2 in Dodging
 10476 | D:11     | Found a staircase to the Lair.
 10540 | D:11     | Found a staircase to the Orcish Mines.
 10550 | D:11     | Found a roughly hewn altar of Beogh.
 10861 | D:11     | Found a runed translucent door.
 10862 | D:11     | Found a shimmering altar of Xom.
 10862 | D:11     | Noticed Fildev's ghost (journeyman DEFE)
 10862 | D:11     | Noticed a +2 rapier of chaos
 11128 | Lair:1   | Entered Level 1 of the Lair of Beasts
 11310 | D:11     | Reached skill level 10 in Fighting
 11310 | D:11     | Reached skill level 6 in Invocations
 11511 | Lair:1   | Reached skill level 3 in Dodging
 11611 | Lair:1   | Reached skill level 5 in Evocations
 11616 | Lair:1   | Reached XP level 12. HP: 96/97 MP: 16/16
 12036 | Lair:1   | Reached skill level 13 in Ranged Weapons
 12036 | Lair:1   | Reached skill level 4 in Dodging
 12043 | Lair:1   | Reached skill level 6 in Evocations
 12131 | Lair:1   | Noticed Nergalle
 12149 | Lair:1   | Killed Nergalle
 12571 | Lair:2   | Reached ***** piety under Fedhas
 12600 | Lair:2   | Found a staircase to the Snake Pit.
 12758 | Lair:2   | Reached skill level 7 in Evocations
 12962 | Lair:2   | Reached skill level 5 in Dodging
 13186 | Lair:2   | Found a staircase to the Shoals.
 13234 | Lair:2   | Noticed a boulder beetle
 13247 | Lair:2   | Killed a boulder beetle
 13432 | Lair:2   | Reached skill level 8 in Evocations
 13470 | Lair:2   | Reached skill level 14 in Ranged Weapons
 13734 | Lair:3   | Reached skill level 6 in Dodging
 13878 | Lair:3   | Reached XP level 13. HP: 103/103 MP: 17/17
 14602 | Lair:3   | Identified a scroll of acquirement
 14863 | Lair:4   | Reached skill level 7 in Dodging
 14886 | Lair:4   | Reached skill level 7 in Invocations
 14922 | Lair:4   | Reached skill level 11 in Fighting
 14940 | Lair:4   | Found a dark tunnel.
 14949 | Volcano  | Entered a volcano
 15404 | Volcano  | Noticed a stone giant
 15450 | Volcano  | Killed a stone giant
 15533 | Volcano  | Found a burning altar of Makhleb.
 15975 | Lair:4   | Found a viscous altar of Jiyva.
 15976 | Lair:4   | Found a staircase to the Slime Pits.
 16075 | Lair:4   | Reached ****** piety under Fedhas
 16079 | Lair:4   | Reached skill level 8 in Dodging
 16495 | Lair:5   | Entered Level 5 of the Lair of Beasts
 16602 | Lair:5   | Reached skill level 8 in Invocations
 16605 | Lair:5   | Reached XP level 14. HP: 114/114 MP: 18/20
 16610 | Lair:5   | Acquired a reticulated ramjet {Gadgeteer, rElec Will+}
 16986 | Lair:5   | Reached skill level 12 in Fighting
 17432 | Lair:5   | Found an ancient bone altar of Kikubaaqudgha.
 17481 | Lair:5   | Reached skill level 9 in Dodging
 17859 | Lair:5   | Identified the +0 war axe of Karma {venom, rPois rC- Int+5}
 18212 | Orc:1    | Entered Level 1 of the Orcish Mines
 18364 | Orc:1    | Found Egrur's Mass Market.
 18584 | Orc:1    | Found Pulinosa's General Store.
 18587 | Orc:1    | Found Apheq's Specific Store.
 18597 | Orc:1    | Bought a potion of berserk rage for 90 gold pieces
 18765 | Orc:1    | Found a runed translucent door.
 18772 | Orc:1    | Noticed Vas Wept's ghost (journeyman OnCj)
 18841 | Orc:2    | Entered Level 2 of the Orcish Mines
 18844 | Orc:2    | Noticed an orc warlord
 18857 | Orc:1    | Killed an orc warlord
 18858 | Orc:1    | Reached skill level 9 in Invocations
 19792 | Orc:2    | Reached skill level 15 in Ranged Weapons
 19872 | Orc:2    | Reached XP level 15. HP: 122/122 MP: 21/21
 20085 | Orc:2    | Found a staircase to the Elven Halls.
 20149 | Orc:2    | Reached skill level 13 in Fighting
 20222 | Orc:2    | Found Itellum's Book Shoppe.
 20222 | Orc:2    | Found Raos's Book Shoppe.
 20223 | Orc:2    | Found Wiofum's Magic Scroll Emporium.
 20227 | Orc:2    | Found Ahyqem's Antique Weapon Emporium.
 20232 | Orc:2    | Bought a scroll of enchant weapon for 97 gold pieces
 20232 | Orc:2    | Bought a scroll of fog for 52 gold pieces
 20232 | Orc:2    | Bought a scroll of teleportation for 39 gold pieces
 20235 | Orc:2    | Bought a scroll of amnesia for 52 gold pieces
 20235 | Orc:2    | Bought a scroll of identify for 26 gold pieces
 20238 | Orc:2    | Bought a scroll of identify for 26 gold pieces
 20515 | D:12     | Identified the +0 plate armour of Quofrupt {Harm Int+3}
 20718 | D:12     | Reached skill level 10 in Dodging
 21826 | D:12     | Identified the staff of the Dungeon {rElec rC+ Summ Ice}
 21942 | D:12     | Noticed Lodul
 21949 | D:12     | Killed Lodul
 21966 | D:12     | Noticed Azrael
 21988 | D:12     | Killed Azrael
 22745 | D:13     | Noticed Erolcha
 22750 | D:13     | Killed Erolcha
 23206 | D:14     | Reached skill level 9 in Evocations
 23308 | D:14     | Reached skill level 10 in Invocations
 24033 | D:14     | Reached skill level 10 in Evocations
 24265 | D:14     | Found a gate to the Vaults.
 24624 | D:15     | Entered Level 15 of the Dungeon
 24852 | D:15     | Reached skill level 14 in Fighting
 25181 | D:15     | Noticed Nessos
 25186 | D:15     | Nessos changed into Nessos the moth of wrath
 25186 | D:15     | Noticed Nessos
 25188 | D:15     | Killed Nessos the moth of wrath
 25270 | D:15     | Reached XP level 16. HP: 133/133 MP: 23/23
 25372 | D:15     | Reached skill level 16 in Ranged Weapons
 25379 | D:15     | Reached skill level 11 in Evocations
 25486 | D:15     | Found a staircase to the Depths.
 25906 | Shoals:1 | Entered Level 1 of the Shoals
 26051 | Shoals:1 | Found a stormy altar of Qazlal.
 27296 | Shoals:1 | Reached skill level 12 in Evocations
 27327 | Shoals:1 | Reached skill level 11 in Dodging
 28348 | Shoals:2 | Reached skill level 13 in Evocations
 28478 | Shoals:2 | Identified the +9 chain mail "Urcheh Te Qel" {rElec rF+
                  | rC-}
 29062 | Shoals:3 | Reached skill level 17 in Ranged Weapons
 29062 | Shoals:3 | Reached XP level 17. HP: 43/139 MP: 24/24
 29822 | Shoals:3 | Reached skill level 12 in Dodging
 30225 | Shoals:3 | Reached skill level 14 in Evocations
 30243 | Shoals:3 | Noticed Ilsuiw
 30254 | Shoals:3 | Killed Ilsuiw
 31465 | Shoals:4 | Entered Level 4 of the Shoals
 32162 | Shoals:4 | Reached skill level 15 in Evocations
 32325 | Shoals:4 | Identified the +1 great mace of the Undead {spect, rElec
                  | Str+3 Int+2}
 33469 | Shoals:4 | Reached skill level 13 in Dodging
 35088 | Shoals:4 | Reached XP level 18. HP: 85/147 MP: 25/25
 35400 | Shoals:4 | Reached skill level 18 in Ranged Weapons
 35815 | Shoals:4 | Reached skill level 15 in Fighting
 35906 | Shoals:4 | Got a barnacled rune of Zot
 35907 | Shoals:4 | Identified the +1 buckler of Suss {rElec}
 36025 | Snake:1  | Entered Level 1 of the Snake Pit
 36180 | Snake:1  | Reached skill level 14 in Dodging
 36515 | Snake:1  | Found Attihiam's Jewellery Boutique.
 37386 | Snake:2  | Reached skill level 16 in Fighting
 38264 | Snake:3  | Noticed Jorgrun
 38271 | Snake:3  | Killed Jorgrun
 38880 | Snake:3  | Reached skill level 15 in Dodging
 39459 | Snake:4  | Entered Level 4 of the Snake Pit
 39483 | Snake:4  | Reached XP level 19. HP: 123/159 MP: 26/26
 39569 | Snake:4  | Found a glowing silver altar of Zin.
 39665 | Snake:4  | Reached skill level 17 in Fighting
 40021 | Snake:4  | Identified the +2 arbalest "Rizxoxt" {penet, Will+}
 40398 | Snake:4  | Gained mutation: Your body sometimes deteriorates upon
                  | taking damage. [potion of mutation]
 40398 | Snake:4  | Gained mutation: Your system is resistant to poisons.
                  | (rPois) [potion of mutation]
 40727 | Snake:4  | Reached skill level 18 in Fighting
 42172 | Snake:4  | Got a serpentine rune of Zot
 42459 | Elf:1    | Entered Level 1 of the Elven Halls
 42534 | Elf:1    | Reached skill level 1 in Armour
 43106 | Elf:1    | Found Wisecij's Distillery.
 43114 | Elf:1    | Bought a potion of resistance for 140 gold pieces
 43131 | Elf:1    | Noticed Donald
 43142 | Elf:1    | Killed Donald
 43325 | Elf:1    | Reached skill level 2 in Armour
 43471 | Elf:1    | Got the Book of the Barrage
 43790 | Elf:1    | Reached skill level 3 in Armour
 44586 | Elf:2    | Reached skill level 4 in Armour
 44686 | Elf:2    | Reached skill level 19 in Fighting
 44706 | Elf:2    | Reached XP level 20. HP: 93/174 MP: 28/28
 44970 | Elf:2    | Found a runed translucent gate.
 44970 | Elf:2    | Found a runed translucent gate.
 44970 | Elf:2    | Found a runed translucent gate.
 45043 | Elf:2    | Found a huge runed translucent gate.
 45043 | Elf:2    | Found a huge runed translucent gate.
 45043 | Elf:2    | Found a huge runed translucent gate.
 45043 | Elf:2    | Found a huge runed translucent gate.
 45058 | Elf:2    | Found a huge runed translucent gate.
 45169 | Elf:2    | Noticed Deamich's ghost (journeyman DsBr)
 45320 | Elf:2    | Reached skill level 11 in Invocations
 45345 | Elf:2    | Reached skill level 5 in Armour
 47331 | Elf:2    | Killed Deamich's ghost
 47473 | Elf:2    | Identified the +2 hat of Eluleunk {rN+ Dex+4}
 47506 | Elf:3    | Entered Level 3 of the Elven Halls
 47510 | Elf:3    | Reached skill level 6 in Armour
 48467 | Elf:3    | Noticed Saint Roka
 48477 | Elf:3    | Killed Saint Roka
 48697 | Elf:3    | Got Siosovvi's Essays on Grey Geometry
 49228 | Elf:3    | Reached skill level 12 in Invocations
 49396 | Elf:3    | Identified the amulet of Xuutar {rPois rF+ RegenMP+}
 49462 | Abyss:3  | Cast into level 3 of the Abyss (a deep elf demonologist)
 49528 | Elf:3    | Escaped the Abyss
 49847 | Elf:3    | Reached skill level 20 in Fighting
 50266 | Elf:3    | Identified the +4 battleaxe of Eternal Vigilance {speed,
                  | Str+4 Int+3}
 50814 | Elf:3    | Reached skill level 13 in Invocations
 50869 | Elf:3    | Reached XP level 21. HP: 158/183 MP: 27/30
 51247 | Elf:3    | Identified the +0 crystal plate armour of Idusikog {rPois
                  | Int+3}
 51527 | Elf:3    | Got the Catalogue of Conflict and Lamentation
 51537 | Elf:3    | Identified the staff of Fragile Peace {rPois rC+ MP+9 Dex-5
                  | Earth}
 51550 | Elf:3    | Got the Incunabulum of Aeromancy
 51884 | Vaults:1 | Entered Level 1 of the Vaults
 51900 | Vaults:1 | Noticed Norris
 51913 | Vaults:1 | Killed Norris
 52456 | Vaults:1 | Reached skill level 14 in Invocations
 53458 | Vaults:1 | Acquired 483 gold pieces
 53470 | Vaults:1 | Acquired a manual of Ranged Weapons
 54898 | Vaults:2 | Found Huzut's Antique Weapon Emporium.
 54905 | Vaults:2 | Reached skill level 19 in Ranged Weapons
 54997 | Vaults:2 | Found a staircase to the Crypt.
 54997 | Vaults:2 | Found a basalt altar of Yredelemnul.
 54997 | Vaults:2 | Found an ancient bone altar of Kikubaaqudgha.
 55031 | Vaults:2 | Reached skill level 16 in Dodging
 55844 | Vaults:2 | Reached skill level 20 in Ranged Weapons
 55849 | Vaults:2 | Reached XP level 22. HP: 190/190 MP: 32/32
 55902 | Vaults:2 | Identified the +6 plate armour of the Bulwark {Harm rPois
                  | Regen+ Dex-5}
 56078 | Vaults:2 | Found Ubivica's Distillery.
 56090 | Vaults:2 | Bought a potion of heal wounds for 95 gold pieces
 56090 | Vaults:2 | Bought 2 potions of resistance for 380 gold pieces
 56090 | Vaults:2 | Bought a potion of haste for 190 gold pieces
 56090 | Vaults:2 | Bought a potion of haste for 190 gold pieces
 56090 | Vaults:2 | Bought a potion of haste for 190 gold pieces
 56090 | Vaults:2 | Bought a potion of cancellation for 152 gold pieces
 56380 | Vaults:2 | Reached skill level 17 in Dodging
 57421 | Vaults:3 | Noticed Mara
 57434 | Vaults:3 | Killed Mara
 57438 | Vaults:3 | Reached skill level 18 in Dodging
 57535 | Vaults:3 | Noticed Sojobo
 57558 | Vaults:3 | Killed Sojobo
 58063 | Vaults:3 | Found Hemarph's Weapon Shoppe.
 58070 | Vaults:3 | Bought a +2 heavy hand cannon for 256 gold pieces
 58340 | Vaults:3 | Found Riecuer's Distillery.
 58346 | Vaults:3 | Bought a potion of enlightenment for 75 gold pieces
 58346 | Vaults:3 | Bought a potion of curing for 45 gold pieces
 58346 | Vaults:3 | Bought a potion of enlightenment for 75 gold pieces
 58880 | Vaults:4 | Identified the +2 helmet of Noughts and Crosses {rF- rN+
                  | Will+++}
 59067 | Vaults:4 | Reached skill level 19 in Dodging
 59976 | Depths:1 | Entered Level 1 of the Depths
 60141 | D:11     | Killed Fildev's ghost
 60234 | Orc:1    | Killed Vas Wept's ghost
 60310 | Orc:1    | Bought a potion of enlightenment for 65 gold pieces
 60417 | Elf:1    | Bought 2 potions of mutation for 224 gold pieces
 60622 | Depths:1 | Reached XP level 23. HP: 190/196 MP: 33/33
 61190 | Depths:1 | Reached skill level 20 in Dodging
 61227 | Depths:1 | Found a one-way gate to the infinite horrors of the Abyss.
 61325 | Depths:1 | Found a gateway to Hell.
 61671 | Depths:1 | Found a one-way gate leading to the halls of Pandemonium.
 62044 | Depths:2 | Noticed Vv
 62059 | Depths:2 | Killed Vv
 62236 | Depths:2 | Noticed a caustic shrike
 62247 | Depths:2 | Killed a caustic shrike
 63761 | Depths:2 | Noticed Asterion
 63770 | Depths:2 | Killed Asterion
 64238 | Depths:2 | Reached skill level 21 in Ranged Weapons
 64322 | Depths:2 | Noticed Grunn
 64333 | Depths:2 | Killed Grunn
 65284 | Depths:2 | Found the +3 salamander hide armour {Flames, rFlCloud rF++
                  | rC--}
 66311 | Depths:3 | Reached skill level 21 in Fighting
 66465 | Depths:3 | Reached XP level 24. HP: 208/208 MP: 33/33
 66495 | Depths:3 | Noticed an ancient lich
 66513 | Depths:3 | Killed an ancient lich
 66673 | Depths:3 | Got Mibruplo's Spellbook of Unhallowed Magic
 67196 | Depths:3 | Reached skill level 21 in Dodging
 67417 | Depths:3 | Found Ulittono's Jewellery Emporium.
 67537 | Depths:3 | Got Sif Muna's Incunable of Entranced Frostbite
 67559 | Depths:3 | Found an opulent altar of Gozag.
 68150 | Depths:4 | Entered Level 4 of the Depths
 68373 | Depths:4 | Gained mutation: You occasionally lose the ability to drink
                  | potions when taking damage. [a shining eye]
 68375 | Depths:4 | Gained mutation: You have hidden genetic defects. [a
                  | shining eye]
 68389 | Depths:4 | Lost mutation: You occasionally lose the ability to drink
                  | potions when taking damage. [potion of mutation]
 68389 | Depths:4 | Lost mutation: Your system is resistant to poisons. (rPois)
                  | [potion of mutation]
 68389 | Depths:4 | Lost mutation: You have hidden genetic defects. [potion of
                  | mutation]
 68389 | Depths:4 | Gained mutation: Your muscles are strong. (Str +4, Int/Dex
                  | -1) [potion of mutation]
 68391 | Depths:4 | Lost mutation: Your muscles are strong. (Str +4, Int/Dex
                  | -1) [potion of mutation]
 68391 | Depths:4 | Lost mutation: Your body sometimes deteriorates upon taking
                  | damage. [potion of mutation]
 68391 | Depths:4 | Gained mutation: You are clumsy. (Dex -2) [potion of
                  | mutation]
 68391 | Depths:4 | Gained mutation: You have hidden genetic potential. [potion
                  | of mutation]
 68460 | Depths:4 | Found a gate to the Realm of Zot.
 68530 | Depths:4 | Found a one-way gateway to a ziggurat.
 69182 | Slime:1  | Entered Level 1 of the Pits of Slime
 69189 | Slime:1  | Reached skill level 22 in Ranged Weapons
 69509 | Crypt:1  | Entered Level 1 of the Crypt
 69974 | Crypt:1  | Noticed Fysokimp's ghost (adept DgNe)
 69976 | Crypt:1  | Found a runed translucent door.
 70575 | Crypt:1  | Killed Fysokimp's ghost
 71041 | Crypt:2  | Reached skill level 22 in Fighting
 71536 | Crypt:2  | Reached XP level 25. HP: 217/217 MP: 33/33
 71910 | Crypt:3  | Entered Level 3 of the Crypt
 73189 | Crypt:3  | Reached skill level 22 in Dodging
 73342 | Crypt:3  | Found a staircase to the Tomb.
 74219 | Crypt:3  | Found a basalt altar of Yredelemnul.
 74393 | Crypt:3  | Identified the amulet "Qeneisi" {Faith Regen+ rCorr}
 74399 | Crypt:3  | Identified the ring "Yneuz" {rC+ rN++ rCorr}
 74635 | Crypt:3  | Identified the staff of Annihilation {rN+ Necro Fire}
 74764 | Crypt:3  | Reached skill level 23 in Ranged Weapons
 75043 | Crypt:3  | Gained mutation: You have great hidden genetic potential.
                  | [hidden potential]
 75515 | Vaults:5 | Entered Level 5 of the Vaults
 75816 | Vaults:5 | Noticed Margery
 75821 | Vaults:5 | Killed Margery
 77024 | Vaults:5 | Reached skill level 24 in Ranged Weapons
 77164 | Vaults:5 | Identified the +5 bardiche of Logye {venom, *Rage Str+2
                  | Int+4}
 77336 | Vaults:5 | Identified the +1 plate armour "Ixkiom" {Dex+3 Slay+5}
 77342 | Vaults:5 | Identified the ring "Quudd" {Fire Dex+3}
 77365 | Vaults:5 | Identified the staff "Suef" {rC+ Int+4 Ice}
 77371 | Vaults:5 | Identified the +0 short sword of Risk Management {pain,
                  | Int+4 SInv}
 78362 | Vaults:5 | Noticed a dread lich
 78365 | Vaults:5 | Killed a dread lich
 78411 | Vaults:5 | Reached XP level 26. HP: 226/226 MP: 33/33
 79326 | Vaults:5 | Identified the +4 hand axe "Qeidgh" {freeze, Will- Str+3
                  | Dex+3}
 79741 | Vaults:5 | Found Ejocw's Armour Shoppe.
 80511 | Vaults:5 | Reached skill level 25 in Ranged Weapons
 80757 | Vaults:5 | Identified the +6 leather armour of Woguehoew {Int-2 SInv
                  | Stlth+}
 80910 | Vaults:5 | Got Mumnam's Discursus on the Lofty Icicle
 81018 | Vaults:5 | Got a silver rune of Zot
 81026 | Vaults:5 | Identified the +1 cloak of Egetruag {Fly rF+ rN+ Int+2}
 81161 | Vaults:5 | Identified the +2 robe of Vipsuk {rC+ rN+}
 81161 | Vaults:5 | Noticed Boris
 81165 | Vaults:5 | Killed Boris
 82055 | Zot:1    | Entered Level 1 of the Realm of Zot
 82185 | Zot:1    | Noticed an orb of fire
 82194 | Zot:1    | Killed an orb of fire
 82546 | Zot:1    | Lost mutation: You are clumsy. (Dex -2) [hidden potential]
 82546 | Zot:1    | Lost mutation: You have great hidden genetic potential.
                  | [hidden potential expressed]
 83716 | Depths:1 | Reached skill level 26 in Ranged Weapons
 85798 | Zot:2    | You are sucked into a shaft and drop 1 floor!
 85891 | Zot:3    | Reached XP level 27. HP: 198/233 MP: 33/33
 85910 | Zot:3    | Reached skill level 27 in Ranged Weapons
 87206 | Zot:3    | Noticed a dread lich
 87390 | Zot:3    | Found a radiant altar of Vehumet.
 87390 | Zot:3    | Identified the +8 long sword of Anguish {pain, Fly Dex+2}
 87394 | Zot:3    | Found a transporter.
 87433 | Zot:3    | Noticed an orb of fire
 87507 | Zot:4    | Learned a level 1 spell: Apportation
 87510 | Zot:4    | Learned a level 2 spell: Blink
 87516 | Zot:4    | Reached skill level 1 in Translocations
 87525 | Zot:4    | Reached skill level 2 in Translocations
 87788 | Zot:4    | Reached skill level 3 in Translocations
 88196 | Zot:4    | Reached skill level 4 in Translocations
 88242 | Zot:4    | Reached skill level 5 in Translocations
 88658 | Zot:4    | Reached skill level 6 in Translocations
 88676 | Zot:4    | Reached skill level 7 in Translocations
 88686 | Zot:4    | Gained mutation: You have a pair of small antennae on your
                  | head. [hidden potential]
 88732 | Zot:4    | Identified the orb of Death's Door {*channel, Harm}
 88780 | Zot:5    | Entered Level 5 of the Realm of Zot
 89077 | Zot:5    | Reached skill level 8 in Translocations
 89456 | Zot:5    | Reached skill level 23 in Fighting
 90821 | Zot:5    | Noticed an ancient lich
 90821 | Zot:5    | Noticed an ancient lich
 90822 | Zot:5    | Noticed an orb of fire
 90824 | Zot:5    | Noticed an ancient lich
 90824 | Zot:5    | Noticed a dread lich
 90825 | Zot:5    | Killed an ancient lich
 90826 | Zot:5    | Noticed a dread lich
 90828 | Zot:5    | Killed an ancient lich
 90833 | Zot:5    | Killed a dread lich
 90836 | Zot:5    | Killed an ancient lich
 90843 | Zot:5    | Killed an orb of fire
 90846 | Zot:5    | Killed a dread lich
 91562 | Zot:5    | Noticed a dread lich
 91567 | Zot:5    | Killed a dread lich
 91568 | Zot:5    | Reached skill level 23 in Dodging
 91854 | Zot:5    | Noticed an ancient lich
 91859 | Zot:5    | Killed an ancient lich
 91932 | Zot:5    | Noticed a dread lich
 91936 | Zot:5    | Killed a dread lich
 92101 | Zot:5    | Got the Orb of Zot
 92661 | D:7      | Reached skill level 24 in Fighting
 92826 | D:$      | Escaped with the Orb!

Illustrated notes

Levels and vault maps discovered:
D:1:      co_arrival_random_square_maze, layout_loops_ring,
          hellmonk_ecumenical_altar_inner_sanctum
D:2:      layout_loops_cross, basic_altar, st_stairs_12
D:3:      layout_rooms, mainiacjoe_overflow_cross_hatched
D:4:      layout_basic, fedhas_altar_2, nzn_wu_jian_contemplation,
          serial_library_hellmonk_small_corner, minmay_goblin_kobold_house
D:5:      layout_cave_pools, nicolae_overflow_crystal_walls, serial_shops, shop
D:6:      layout_gridville, lemuel_crystal_altar
D:7:      layout_basic, mainiacjoe_overflow_brackets, marbit_many_paths,
          old_standard_altar, old_standard_altar, mainiacjoe_overflow_boulevard,
          minmay_temple_entry_purple_smoke, uniq_pikel
D:8:      layout_loops_corners, slow_altar_1, lemuel_doored_altar
D:9:      layout_loops_ring, lemuel_crystal_altar, minmay_chambers_of_fives
D:10:     layout_basic, general_overflow_altar, special_room
          [special_room_kobold]
D:11:     layout_gridville, david_lair_shrubbed, minmay_orc_entry_temple_small,
          ebering_ghost_xom
D:12:     layout_loops_cross, uniq_lodul, uniq_azrael
D:13:     layout_irregular_city, uniq_erolcha
D:14:     layout_loops_ring, erik_vaults_1
D:15:     grunt_enter_depths_magical_seal, layout_irregular_city,
          nrook_mini_vaults, uniq_nessos
Lair:1:   layout_gridlike, uniq_nergalle
Lair:2:   layout_regular_city, nicolae_shoals_entry_roost,
          minmay_snake_entry_six_corridors
Lair:3:   layout_loops_ring, infiniplex_staircase_pool_2
Lair:4:   layout_cave_pods, minmay_slime_entry_jelly_boxes,
          nicolae_volcano_entry_lava_flow
Lair:5:   gammafunk_lair_ancient_temple, layout_hall_layers, basic_altar,
          nicolae_quartered_pool_little
Shoals:1: layout_shoals, lemuel_altar_in_water
Shoals:2: layout_shoals
Shoals:3: layout_shoals, nicolae_shoals_secluded_bog, uniq_ilsuiw
Shoals:4: shoals_end_hellmonk_lost_city
Snake:1:  layout_onion_interference, serial_shops, nicolae_shop_gaudy_bauble,
          nicolae_triple_integral
Snake:2:  layout_misc_corridors, nicolae_integral_box
Snake:3:  layout_chambers, uniq_jorgrun
Snake:4:  snake_pit, layout_rooms, basic_altar, grunt_ministairs_6
Slime:1:  layout_caves
Orc:1:    layout_caves, ebering_ghost_reflecting_pool, nicolae_specific_store,
          minmay_shop_mass, einodemon_armed_red_devil_minivault
Orc:2:    st_orc_mages, layout_diamond_mine
Elf:1:    eino_elf_arrival_customs, layout_loops_cross, serial_shops,
          nicolae_diamond_shop, minmay_elf_annihilation, grunt_ministairs_13,
          minivault_14, uniq_donald
Elf:2:    elven_hall_of_blades_hangedman_alternative
          [nicolae_blade_entry_antechamber], layout_rooms,
          gammafunk_ghost_tricky_traps, nicolae_concentric_dashed_squares_wild
Elf:3:    minmay_elf_hall_furrowed, layout_geoelf_octagon, uniq_saint_roka
Vaults:1: v_rooms_1, vaults_room_pools, nicolae_vaults_ring_of_whatevers,
          vaults_standard_mumra_lines, nicolae_vaults_ellipses_ellipsis,
          nicolae_vaults_trapezoid_4, v_misc_18, grunt_vaults_hallway_short,
          nicolae_vaults_trapezoid_2, vaults_room_door_hall,
          nicolae_vaults_storage_closets_2, ontoclasm_vaults_idyll,
          nicolae_vaults_little_squares_5, layout_vaults_big_room, uniq_norris
Vaults:2: minmay_crypt_entry_necro_gods, v_misc_2, v_rooms_2,
          nicolae_vaults_shock_wave, lightli_orcish_oven, v_rooms_4, v_misc_9,
          vaults_dpeg_ring, v_rooms_4, vaults_dpeg_hooks,
          layout_vaults_omnicross, serial_shops,
          nicolae_shop_tiny_real_fake_doors, shop
Vaults:3: vaults_standard_mumra_enter_the_diamond, nicolae_vaults_two_Ls,
          nicolae_vaults_trapezoid_1, nicolae_vaults_trapezoid_1,
          dpeg_vaults_monster_box, layout_vaults_quadrants, serial_shops, shop,
          shop, uniq_mara, uniq_sojobo
Vaults:4: v_misc_9, nicolae_vaults_big_angled_halls, ontoclasm_vaults_shuriken,
          v_rooms_6, dpeg_vaults_monster_row, hangedman_vaults_river_flow,
          nicolae_vaults_circle_grid_b, hangedman_vaults_corner,
          nicolae_vaults_house_1, grunt_vaults_diagonal, hangedman_vaults_nodes,
          nicolae_vaults_gold_heap, nicolae_vaults_house_2,
          nicolae_vaults_tetromino_T_1, layout_vaults_omnibox
Vaults:5: uniq_margery, uniq_boris
Crypt:1:  layout_rooms, hellmonk_ghost_happy_afterlife,
          nicolae_crypt_more_like_crabt
Crypt:2:  layout_catacombs, nicolae_crypt_grave_offerings, grunt_megastairs_2
Crypt:3:  church_of_pain_bobbens, layout_chaotic_city,
          tomb_entry_forgotten_bobbens
Depths:1: layout_cave_pools, hangedman_abyss_entry_splay,
          rand_demon_pan_entry_9, hell_entry, nicolae_wwwww, st_stairs_6,
          chequers_serial_rivers_room_b, minmay_metal_thing
Depths:2: nicolae_fronds_of_death, layout_basic, hangedman_decor_peaks_small,
          grunt_mini_vestibule, grunt_pan_entry_in_and_out,
          hellmonk_guarded_unrand_salamander, uniq_grunn, uniq_vv, uniq_asterion
Depths:3: bobbens_index_wilting_gardens, layout_long_grid, serial_shops,
          kennysheep_mini, nicolae_gozag_seed_capital,
          abyss_entry_small_statue_room, hell_entry,
          infiniplex_staircase_pillars_2
Depths:4: grunt_zot_entry_alcove, layout_twisted_cross, enter_ziggurat_d,
          hell_entry, nicolae_twisting_strands
Zot:1:    layout_gridlike
Zot:2:    layout_onion_interference, nicolae_zot_crop_circle
Zot:3:    gammafunk_sealed_library, layout_twisted_circle,
          regret_index_zotdec_onion_hex
Zot:4:    grunt_zot_stairs_faceoff, layout_gridville
Zot:5:    layout_onion, nicolae_lava_and_water

Skill      XL: |  1  2  3  4  5  6  7  8  9 10 11 12 13 14 15 16 17 18 19 20 21 22 23 24 25 26 27 |
---------------+----------------------------------------------------------------------------------+-----
Stealth        | 1 2 3 |  3.0
Ranged Weapons | 4 5 6 8 9 11 12 14 15 17 18 20 21 22 24 26 27 | 27.0
Fighting       | 3 4 5 6 7 9 10 11 12 14 16 19 20 21 22 24 | 24.0
Evocations     | 2 4 5 8 10 13 15 | 15.0
Invocations    | 3 5 6 8 9 10 13 14 | 14.0
Dodging        | 3 6 8 9 10 11 13 15 16 19 20 21 22 23 | 23.4
Armour         | 4 6 |  6.0
Translocations | 8 |  8.0

Action                     |  1- 3 |  4- 6 |  7- 9 | 10-12 | 13-15 | 16-18 | 19-21 | 22-24 | 25-27 || total
---------------------------+-------+-------+-------+-------+-------+-------+-------+-------+-------++-------
   Fire: Sling             |   130 |   212 |   428 |  1072 |  1296 |  1145 |  1311 |   242 |       ||  5836
         Orcbow            |       |       |       |    97 |       |       |       |       |       ||    97
         Hand cannon       |       |       |       |       |   820 |  1145 |  1311 |  2304 |  2672 ||  8252
  Throw: Dart              |       |       |       |    12 |     6 |       |       |       |       ||    18
   Cast: Apportation       |       |       |       |       |       |       |       |       |     1 ||     1
 Invoke: Wall of Briars    |       |       |       |     3 |     1 |     3 |    13 |     6 |    11 ||    37
         Grow Ballistomyce |       |       |       |       |       |     1 |       |     1 |     1 ||     3
         Grow Oklob        |       |       |       |       |       |       |       |     1 |     1 ||     2
         Overgrow          |       |       |       |       |       |       |       |       |     4 ||     4
Ability: Invent Gizmo      |       |       |       |       |     1 |       |       |       |       ||     1
  Evoke: Wand              |       |       |     6 |    11 |     7 |    14 |    19 |     7 |    17 ||    81
         Condenser vane    |       |       |       |       |       |     1 |     2 |     1 |       ||     4
         Phantom mirror    |       |       |       |       |       |     1 |       |       |       ||     1
         Lightning rod     |       |       |       |       |       |       |       |    11 |       ||    11
    Use: Scroll            |     1 |       |     9 |    14 |     8 |     7 |     7 |     6 |    10 ||    62
         Potion            |     1 |     1 |       |     4 |       |     2 |     2 |     7 |     9 ||    26
 Armour: Leather armour    |     3 |     6 |       |       |       |       |   261 |   241 |   283 ||   794
         Robe              |       |     2 |    48 |   167 |   160 |   241 |    30 |       |       ||   648
         Skin              |       |       |       |    22 |       |       |       |    20 |       ||    42
  Dodge: Dodged            |     8 |    10 |    24 |   130 |   191 |   293 |   487 |   587 |   740 ||  2470

Table legend: (Time is in decaauts)
 A = Elapsed time spent in this place.
 B = Non-inter-level travel time spent in this place.
 C = Inter-level travel time spent in this place.
 D = Time resting spent in this place.
 E = Time spent auto-exploring this place.
 F = Levels seen in this place.
 G = Mean time per level.
                   A        B        C        D        E       F      G
               +--------+--------+--------+--------+--------+-----+--------+
         Total |  92787 |  86484 |   6303 |  33729 |  40744 |  53 | 1750.7 |
       Dungeon |  18627 |  16731 |   1896 |   3946 |  10662 |  15 | 1241.8 |
          Lair |   6600 |   5904 |    696 |    905 |   3988 |   5 | 1320.0 |
        Shoals |   9980 |   9699 |    281 |   5828 |   2724 |   4 | 2495.0 |
     Snake Pit |   6241 |   6092 |    149 |   1960 |   3404 |   4 | 1560.2 |
    Slime Pits |      8 |      8 |      0 |      0 |      0 |   1 |    8.0 |
  Orcish Mines |   2439 |   2083 |    356 |    592 |   1136 |   2 | 1219.5 |
   Elven Halls |   9288 |   8765 |    523 |   4378 |   3153 |   3 | 3096.0 |
        Vaults |  14059 |  13341 |    718 |   5320 |   5887 |   5 | 2811.8 |
         Crypt |   5846 |   5629 |    217 |   2354 |   2539 |   3 | 1948.7 |
        Depths |   9631 |   8433 |   1198 |   3240 |   3953 |   4 | 2407.8 |
           Zot |   9390 |   9126 |    264 |   4994 |   3060 |   5 | 1878.0 |
         Abyss |     65 |     65 |      0 |      0 |      0 |   1 |   65.0 |
       Volcano |    608 |    608 |      0 |    208 |    236 |   1 |  608.0 |
               +--------+--------+--------+--------+--------+-----+--------+

Top non-repeatable levels by time:
Vaults:5: 6190 daAuts
Shoals:4: 3943 daAuts
   Elf:2: 3577 daAuts
   Elf:3: 3574 daAuts
Depths:2: 3479 daAuts
Depths:3: 3311 daAuts
 Crypt:3: 3148 daAuts
   Zot:5: 3028 daAuts
 Snake:4: 2533 daAuts
Shoals:3: 2464 daAuts
Vaults:2: 2326 daAuts
   Zot:2: 2279 daAuts
Vaults:1: 2149 daAuts
    D:11: 2140 daAuts
   Elf:1: 2136 daAuts

Table legend:
 A = Kills in this place as a percentage of kills in the entire game.
 B = Kills by you in this place as a percentage of kills by you in the entire game.
 C = Kills by friends in this place as a percentage of kills by friends in the entire game.
 D = Other kills in this place as a percentage of other kills in the entire game.
 E = Experience gained in this place as a percentage of experience gained in the entire game.
 F = Experience gained in this place divided by the number of levels of this place that you have seen.
                   A       B       C       D       E      F
               +-------+-------+-------+-------+-------+----------------------
         Total | 100.0 | 100.0 | 100.0 | 100.0 | 100.0 | 27432.5
       Dungeon |  15.7 |  15.6 |  55.6 |   0.0 |   5.4 | 5199.5
          Lair |   7.4 |   7.4 |   0.0 |   0.0 |   3.7 | 10641.8
        Shoals |   9.8 |   9.8 |  11.1 |   0.0 |   8.6 | 31184.5
     Snake Pit |   7.3 |   7.3 |   0.0 |   0.0 |   6.3 | 22785.0
    Slime Pits |   0.1 |   0.1 |   0.0 |   0.0 |   0.2 | 2478.0
  Orcish Mines |   5.2 |   5.2 |   0.0 |   0.0 |   1.2 | 8959.0
   Elven Halls |   9.1 |   9.1 |   0.0 |  66.7 |  10.0 | 48273.7
        Vaults |  17.3 |  17.3 |  11.1 |   0.0 |  22.4 | 65193.8
         Crypt |   8.8 |   8.9 |   0.0 |   0.0 |   8.8 | 42420.7
        Depths |  10.6 |  10.7 |  11.1 |   0.0 |  15.8 | 57335.8
           Zot |   7.7 |   7.7 |  11.1 |  33.3 |  17.5 | 50912.2
         Abyss |   0.1 |   0.1 |   0.0 |   0.0 |   0.0 | 299.0
       Volcano |   0.8 |   0.8 |   0.0 |   0.0 |   0.3 | 4193.0
               +-------+-------+-------+-------+-------+----------------------
